Map: Invader LE

Players

blackxored - Winner!

  • Race: Zerg Zerg
  • League: Diamond

Stephanus

  • Race: Zerg Zerg
  • League: Gold

VOD

Have the link to the VOD?

Description

Time

  • Played on: July 3, 2016, 4:23 p.m.
  • Length: 3:34
Show
View Real Time Build Order
Export as new Build Order

blackxored Zerg - Winner!

Build Orders: Pool First 

Get SALT Encoding   

  12  0:01  Drone  
  13  0:11  Drone  
  14  0:15  Extractor  
  14  0:18  Drone  
  14  0:33  Spawning Pool  
  14  0:35  Drone  
  14  0:45  Overlord  
  14  0:53  Extractor, Drone  
  15  1:05  Drone  
  15  1:06  Drone  
  15  1:09  Drone  
  18  1:20  Queen  
  18  1:24  Drone  
  21  1:31  Metabolic Boost  
  21  1:41  Zergling x2  
  21  1:43  Overlord  
  22  2:01  Baneling Nest, Zergling x2  
  22  2:03  Zergling x2  
  23  2:13  Drone  
  24  2:19  Hatchery  
  23  2:25  Zergling x2  
  24  2:35  Zergling x4  
  24  2:36  Zergling x2  
  27  2:41  Overlord  
  27  2:50  Baneling x2  
  27  3:02  Zergling x2  
  27  3:03  Zergling x6  
Show
View Real Time Build Order
Export as new Build Order

Stephanus Zerg 

Build Orders: Pool First 

Get SALT Encoding   

  12  0:02  Drone  
  13  0:08  Drone  
  14  0:21  Overlord  
  14  0:25  Extractor, Drone  
  15  0:39  Drone x2  
  17  0:45  Drone  
  18  0:50  Spawning Pool  
  17  0:57  Drone  
  17  0:59  Extractor  
  17  1:09  Drone  
  18  1:22  Hatchery  
  17  1:27  Drone  
  17  1:31  Drone  
  19  1:37  Queen  
  21  1:43  Overlord  
  21  1:49  Drone  
  22  2:02  Drone  
  22  2:03  Spine Crawler  
  22  2:10  Roach Warren  
  22  2:11  Drone  
  22  2:21  Queen  
  24  2:26  Drone  
  25  2:32  Drone  
  25  2:35  Drone  
  27  2:43  Drone  
  28  2:45  Drone x2  
  28  2:46  Drone  
  28  2:49  Drone  
  32  2:54  Drone  
  32  2:56  Overlord  
  32  3:13  Drone x2, Spine Crawler  
Tags
 
Add a new tag
Caveats
  • Supply blocks, unpowered buildings, or Contaminate may cause inaccurate times.
  • Supply counts are checked every 10 seconds.